 Dungeon Crawl Stone Soup version 0.32-a0-893-gf85d74f360 (webtiles) character file.

Game seed: 15162769410074866607

7246 pokeman the Eclecticist (level 10, -7/58 HPs)
             Began as a Deep Elf Hedge Wizard on Apr 3, 2024.
             Was a Believer of Vehumet.
             Mangled by a wraith (11 damage)
             ... on level 9 of the Dungeon on Apr 4, 2024.
             The game lasted 00:30:05 (12410 turns).

pokeman the Eclecticist (Deep Elf Hedge Wizard)    Turns: 12410, Time: 00:30:05

Health: -7/58      AC:  6    Str:  7    XL:     10   Next: 88%
Magic:  16/31      EV: 17    Int: 24    God:    Vehumet [**....]
Gold:   115        SH:  0    Dex: 14    Spells: 24/39 levels left

rFire   . . .        c - +2 short sword (venom)
rCold   . . .        (no shield)
rNeg    . . .        b - +0 robe
rPois   .            C - +0 helmet
rElec   +            (no cloak)
rCorr   .            (no gloves)
SInv    .            H - +2 pair of boots
Will    ++...        (no amulet)
Stlth   ++           q - +5 ring of evasion
HPRegen 0.29/turn    M - ring of Ysaffah {rElec Will+ Slay+3}
MPRegen 0.22/turn

%: no passive effects
@: slowed, very slow
A: no striking features
a: Renounce Religion


You were on level 9 of the Dungeon.
You worshipped Vehumet.
Vehumet was pleased with you.
You visited 2 branches of the dungeon, and saw 10 of its levels.

You collected 451 gold pieces.
You spent 336 gold pieces at shops.

Inventory:

Hand Weapons
 c - a +2 short sword of venom (weapon)
 L - a +1 dagger of chaos
 N - the +6 flail of the Evil Eye {freeze, Will+}
   (You found it on level 9 of the Dungeon)

   Will+:     It increases your willpower.
Missiles
 i - 4 curare-tipped darts
 m - a throwing net
Armour
 b - a +0 robe (worn)
 j - a +1 ring mail of poison resistance
 C - a +0 helmet (worn)
 E - an orb of energy
 H - a +2 pair of boots (worn)
Jewellery
 f - an amulet of guardian spirit
 q - a +5 ring of evasion (left hand)
 z - a ring of ice
 M - the ring of Ysaffah (right hand) {rElec Will+ Slay+3}
   (You found it on level 9 of the Dungeon)

   [ring of willpower]

   Slay+3:    It affects your accuracy & damage with ranged weapons and melee
   (+3).
   rElec:     It insulates you from electricity.
   Will+:     It increases your willpower.
Wands
 t - a wand of light (1)
 w - a wand of charming (22)
 y - a wand of warping (3)
Scrolls
 g - 2 scrolls of identify
 h - 3 scrolls of fear
 l - a scroll of blinking
 p - 2 scrolls of brand weapon
 s - 2 scrolls of butterflies
 x - 3 scrolls of noise
 D - 4 scrolls of teleportation
 I - 3 scrolls of revelation
 J - a scroll of immolation
 K - a scroll of amnesia
 P - a scroll of enchant weapon {unknown}
Potions
 a - 2 potions of mutation
 d - 2 potions of magic
 e - 3 potions of curing
 k - 2 potions of heal wounds
 n - a potion of haste
 o - 2 potions of brilliance
 r - a potion of attraction
 u - a potion of might
 v - a potion of berserk rage {unknown}
 A - 2 potions of cancellation {unknown}
 B - a potion of lignification {unknown}
 F - a potion of invisibility {unknown}
 G - 4 potions of enlightenment {unknown}
Miscellaneous
 O - a tin of tremorstones (2/2)


   Skills:
 + Level 4.9 Fighting
 - Level 4.0 Armour
 - Level 3.0 Dodging
 - Level 3.0 Stealth
 * Level 15.2 Spellcasting
 + Level 9.0 Conjurations
 - Level 1.1 Summonings
 - Level 1.1 Translocations
 + Level 3.6 Ice Magic
 - Level 1.3 Air Magic
 - Level 1.0 Alchemy
 - Level 1.2 Evocations


You had 24 spell levels left.
You knew the following spells:

 Your Spells              Type           Power      Damage    Failure   Level
a - Magic Dart            Conj           100%       1d8       1%          1
b - Mephitic Cloud        Conj/Alch/Air  36%        N/A       1%          3
c - Call Imp              Summ           46%        N/A       3%          2
d - Blink                 Tloc           46%        N/A       3%          2
e - Ozocubu's Refrigerat  Ice            17%        4d11      99%         7

Your spell library contained the following spells:

 Spells                   Type           Power      Damage    Failure   Level
 Mercury Vapours          Alch/Air       46%        N/A       3%          2
 Slow                     Hex            72%        N/A       3%          1
 Cigotuvi's Dreadful Rot  Necr/Alch/Air  44%        N/A       3%          2
 Olgreb's Toxic Radiance  Alch           23%        N/A       21%         4
 Discord                  Hex            9%         N/A       100%        8


Dungeon Overview and Level Annotations

Branches:
Dungeon (9/15)             Temple (1/1) D:6
   Lair: D:8-11         Orc: D:9-12

Altars:
Ashenzari
Cheibriados
Dithmenos
Elyvilon
Fedhas
Gozag
Hepliaklqana
Kikubaaqudgha
Makhleb
Nemelex Xobeh
Okawaru
Qazlal
Ru
Sif Muna
Trog
Uskayaw
Vehumet
Wu Jian
Xom
Yredelemnul
Zin
The Shining One

Shops:
D:4 *   D:9 ?

Annotations:
D:5 2 runed translucent doors, NotBatman's ghost, novice TrFi
D:8 2 transporters, XomNomNom's ghost, novice DrBe


Message History

The magic dart hits the wraith but does no damage.
The wraith is severely damaged.
The wraith hits you! The wraith drains your vigour!
You feel as though you will be slow longer.
Your cerulean imp hits the wraith but does no damage.
The wraith hits you!
* * * LOW HITPOINT WARNING * * *
The wraith drains your vigour!
You feel as though you will be slow longer.
Casting: Magic Dart (safe; 1% risk of failure)
Confirm with . or Enter, or press ? or * to list all spells.
Aiming: Magic Dart (safe; 1% risk of failure)
Press: ? - help, Shift-Dir - straight line, f/p - wraith
Aim: a wraith (severely damaged, ally target, 100% to hit)
The magic dart hits the wraith but does no damage.
The wraith is severely damaged.
Your cerulean imp hits the wraith but does no damage.
The wraith misses your cerulean imp.
Your cerulean imp closely misses the wraith.
Aiming: Bolt of Light
Press: ? - help, Shift-Dir - straight line, f/p - wraith
Aim: a wraith (severely damaged, not watching you, ally target, 71% to hit)
The bolt of light hits the wraith!
The wraith is almost destroyed.
The wraith barely misses you.
Your cerulean imp barely misses the wraith.
The wraith hits you!
* * * LOW HITPOINT WARNING * * *
The wraith drains your vigour!
You feel as though you will be slow longer.
Casting: Magic Dart (safe; 1% risk of failure)
Confirm with . or Enter, or press ? or * to list all spells.
Aiming: Magic Dart (safe; 1% risk of failure)
Press: ? - help, Shift-Dir - straight line, f/p - wraith
Aim: a wraith (almost destroyed, ally target, 100% to hit)
The magic dart hits the wraith.
The wraith is almost destroyed.
Your cerulean imp hits the wraith with a -2 spear.
The wraith hits you!
You die...

## ##......#...'...# #........ #
##.......#)..#...# #........
#.##.....##'###'## #........
#.##.....#...#...# #........
#.##.....#...#...#...#........ #
#.##.....#...#...#l..#........ ##
#.##.....##'#######'##......>.
.###.##.....#...#...#...#........
#.##.##.....#...@W..'...#........
#...........#...#.5.#...#........
#....###....#############...)....
.†..## #.........................
##### #.........................
##...................)....
#........................
##........................ ###
##.#####...................


You could see a wraith (ally target) and a friendly cerulean imp (summoned).

Vanquished Creatures
  A boulder beetle (D:9)
  An ugly thing (D:9)
  A manticore (D:9)
  A guardian serpent (shapeshifter) (D:9)
  Jeremiah (D:6)
  A kobold demonologist (D:9)
  A hornet (D:9)
  A troll (D:6)
  Prince Ribbit (D:6)
  A wraith (D:9)
  6 yaks (D:8)
  A steam dragon (D:6)
  A basilisk (D:9)
  An acid dragon (D:8)
  2 ice beasts
  An orc warrior (D:9)
  An ogre (D:5)
  3 centaurs
  2 phantoms
  3 kobold brigands
  A bullfrog (D:6)
  Blork the orc (D:5)
  2 gnoll sergeants (D:5)
  2 scorpions
  12 wights
  3 killer bees (D:9)
  3 howler monkeys (D:7)
  4 crimson imps (D:8)
  2 jellies (D:6)
  4 orc priests
  2 iguanas
  A sleepcap (D:5)
  5 orc wizards
  Ijyb (D:5)
  Terence (D:3)
  6 adders
  2 shadow imps
  A ribbon worm (D:2)
  A dart slug (D:2)
  45 orcs
  4 bats (D:2)
  8 endoplasms
  5 giant cockroaches
  6 goblins
  10 hobgoblins
  2 jackals (D:3)
  13 kobolds
  5 quokkas
  7 ball pythons
  5 frilled lizards
  5 rats
200 creatures vanquished.

Vanquished Creatures (collateral kills)
  A wight (D:8)
  A killer bee (D:9)
  An orc (D:5)
3 creatures vanquished.

Grand Total: 203 creatures vanquished

Notes
Turn   | Place    | Note
-------+----------+-------------------------------------------
     0 | D:1      | pokeman the Deep Elf Hedge Wizard began the quest for the
                  | Orb.
     0 | D:1      | Reached XP level 1. HP: 10/10 MP: 7/7
   407 | D:1      | Reached XP level 2. HP: 15/15 MP: 5/9
  1267 | D:2      | Reached skill level 5 in Spellcasting
  1311 | D:2      | Reached XP level 3. HP: 20/20 MP: 8/11
  1315 | D:2      | Learned a level 3 spell: Mephitic Cloud
  1318 | D:2      | Learned a level 2 spell: Call Imp
  1321 | D:2      | Learned a level 2 spell: Blink
  1723 | D:2      | Reached skill level 1 in Fighting
  1732 | D:2      | Reached skill level 1 in Armour
  1981 | D:2      | Reached XP level 4. HP: 25/25 MP: 3/13
  2673 | D:3      | Reached skill level 6 in Spellcasting
  2673 | D:3      | Reached XP level 5. HP: 23/29 MP: 5/15
  2884 | D:3      | Found a glowing golden altar of the Shining One.
  3163 | D:3      | Noticed Terence
  3173 | D:3      | Killed Terence
  3374 | D:3      | Found an ornate altar of the Wu Jian Council.
  3412 | D:4      | Reached skill level 1 in Alchemy
  3687 | D:4      | Noticed a phantom
  3709 | D:4      | Killed a phantom
  3710 | D:4      | Reached skill level 1 in Air Magic
  3710 | D:4      | Reached skill level 1 in Evocations
  3710 | D:4      | Reached XP level 6. HP: 26/34 MP: 1/17
  3878 | D:4      | Reached skill level 7 in Spellcasting
  4228 | D:4      | Found Qoitisus's Fire Supplies.
  4596 | D:5      | Entered Level 5 of the Dungeon
  4623 | D:5      | Found an ancient bone altar of Kikubaaqudgha.
  4724 | D:5      | Found a large runed translucent door.
  4724 | D:5      | Found a large runed translucent door.
  4817 | D:5      | Reached XP level 7. HP: 22/39 MP: 4/20
  5008 | D:5      | Reached skill level 8 in Spellcasting
  5326 | D:5      | Found a shadowy altar of Dithmenos.
  5352 | D:5      | Found an opulent altar of Gozag.
  5373 | D:5      | Noticed Blork the orc
  5395 | D:5      | Noticed Ijyb
  5399 | D:5      | Killed Blork the orc
  5415 | D:4      | Upgraded the game from 0.32-a0-886-g41c5271027 to
                  | 0.32-a0-893-gf85d74f360
  5690 | D:5      | Killed Ijyb
  5750 | D:5      | Reached skill level 9 in Spellcasting
  5761 | D:5      | Reached XP level 8. HP: 41/44 MP: 2/23
  5966 | D:5      | Found the +9 sword of Zonguldrok {reap}
  6201 | D:5      | Noticed NotBatman's ghost (novice TrFi)
  6456 | D:6      | Noticed Prince Ribbit
  6581 | D:6      | Killed Prince Ribbit
  6582 | D:6      | Reached skill level 5 in Conjurations
  6670 | D:6      | Reached skill level 10 in Spellcasting
  6764 | D:6      | Noticed Jeremiah
  6787 | D:6      | Killed Jeremiah
  6929 | D:6      | Reached skill level 11 in Spellcasting
  6931 | D:6      | Noticed a troll
  6942 | D:6      | Killed a troll
  6943 | D:6      | Reached XP level 9. HP: 48/48 MP: 15/26
  7040 | D:6      | Found a staircase to the Ecumenical Temple.
  7056 | Temple   | Entered the Ecumenical Temple
  7064 | Temple   | Became a worshipper of Vehumet
  8141 | D:7      | Found a broken altar of Ashenzari.
  8542 | D:7      | Reached skill level 12 in Spellcasting
  9225 | D:8      | Found a transporter.
  9225 | D:8      | Noticed XomNomNom's ghost (novice DrBe)
  9226 | D:8      | Found a transporter.
  9307 | D:8      | Reached skill level 13 in Spellcasting
  9701 | D:8      | Reached * piety under Vehumet
  9701 | D:8      | Offered knowledge of Sandblast by Vehumet.
  9806 | D:8      | Found a shimmering altar of Xom.
 10092 | D:8      | Reached XP level 10. HP: 32/51 MP: 6/29
 10629 | D:9      | Found Optan's Magic Scroll Emporium.
 10636 | D:9      | Bought a scroll of revelation for 105 gold pieces
 10636 | D:9      | Bought a scroll of teleportation for 42 gold pieces
 10636 | D:9      | Bought a scroll of identify for 28 gold pieces
 10636 | D:9      | Bought a scroll of revelation for 105 gold pieces
 10636 | D:9      | Bought a scroll of identify for 28 gold pieces
 10636 | D:9      | Bought a scroll of identify for 28 gold pieces
 10688 | D:9      | Learned a level 7 spell: Ozocubu's Refrigeration
 10803 | D:9      | Reached skill level 14 in Spellcasting
 10944 | D:9      | Noticed a boulder beetle
 10983 | D:9      | Killed a boulder beetle
 10984 | D:9      | Reached skill level 1 in Ice Magic
 11330 | D:9      | Offered knowledge of Mercury Vapours by Vehumet.
 11475 | D:9      | Noticed a manticore
 11483 | D:9      | Killed a manticore
 11493 | D:9      | Reached ** piety under Vehumet
 11618 | D:9      | Noticed a white ugly thing
 11626 | D:9      | Identified the +6 flail of the Evil Eye {freeze, Will+}
 11626 | D:9      | Identified the ring of Ysaffah {rElec Will+ Slay+3}
 12037 | D:9      | Found a snail-covered altar of Cheibriados.
 12204 | D:9      | Noticed a guardian serpent
 12222 | D:9      | Killed a guardian serpent
 12223 | D:9      | Reached skill level 15 in Spellcasting
 12285 | D:9      | Killed a white ugly thing
 12410 | D:9      | Mangled by a wraith

Illustrated notes

Levels and vault maps discovered:
D:1:      eino_arrival_water_cross, layout_loops_cross
D:2:      layout_loops_ring
D:3:      layout_rooms, mainiacjoe_overflow_alcove_1,
          mainiacjoe_overflow_alcove_4, uniq_terence
D:4:      layout_loops_corners, nicolae_shop_fire_sale [nicolae_sub_dead_trees]
D:5:      layout_layer_cave, grunt_dithmenos_smoke_and_mirrors,
          mainiacjoe_overflow_paths,
          nicolae_gozag_cash_rules_everything_around_me,
          ebering_ghost_disaster_area, sword_in_stone, uniq_ijyb
D:6:      layout_basic, minmay_temple_entry_proselytizer,
          dreamdust_wishing_well, minmay_crystal_room, uniq_jeremiah,
          uniq_blork_the_orc, uniq_prince_ribbit1
D:7:      layout_loops_corners, nicolae_ashenzari_panopticon
D:8:      layout_basic, led_xom_imps, gammafunk_ghost_arena,
          supply_closet_lemuel
D:9:      layout_layer_cave, nicolae_overflow_hidden_temple, serial_shops,
          shop_scrolls, minmay_evil_grid
Temple:   eino_narrow_crystal_temple

Skill      XL: |  1  2  3  4  5  6  7  8  9 10 |
---------------+-------------------------------+-----
Spellcasting   | 5 6 7 9 11 13 15 | 15.2
Conjurations   | 2 3 4 6 7 9 |  9.0
Fighting       | 1 2 3 4 |  4.9
Armour         | 1 2 3 4 |  4.0
Stealth        | 3 |  3.0
Dodging        | 3 |  3.0
Alchemy        | 1 |  1.0
Air Magic      | 1 |  1.3
Evocations     | 1 |  1.2
Ice Magic      | 3 |  3.6
Summonings     | |  1.1
Translocations | |  1.1

Action                     |  1- 3 |  4- 6 |  7- 9 | 10-12 || total
---------------------------+-------+-------+-------+-------++-------
  Melee: Dagger            |    20 |       |       |       ||    20
         Flail             |       |    53 |     3 |       ||    56
         Short sword       |       |       |   134 |   113 ||   247
   Cast: Magic Dart        |   108 |   155 |   231 |   105 ||   599
         Mephitic Cloud    |     1 |     3 |    17 |    16 ||    37
         Call Imp          |     1 |     3 |    11 |     8 ||    23
         Blink             |       |       |    11 |       ||    11
  Evoke: Wand              |       |       |     3 |     8 ||    11
    Use: Scroll            |       |       |       |    14 ||    14
   Stab: Confused          |       |     4 |    13 |    10 ||    27
         Invisible         |       |       |       |     3 ||     3
 Armour: Robe              |    12 |    33 |    87 |    66 ||   198
  Dodge: Dodged            |    25 |    69 |   158 |   112 ||   364

Table legend: (Time is in decaauts)
 A = Elapsed time spent in this place.
 B = Non-inter-level travel time spent in this place.
 C = Inter-level travel time spent in this place.
 D = Time resting spent in this place.
 E = Time spent auto-exploring this place.
 F = Levels seen in this place.
 G = Mean time per level.
                   A        B        C        D        E       F      G
               +--------+--------+--------+--------+--------+-----+--------+
         Total |  12437 |  12137 |    300 |    461 |   9707 |  10 | 1243.7 |
       Dungeon |  12421 |  12128 |    293 |    461 |   9707 |   9 | 1380.1 |
        Temple |     16 |      9 |      7 |      0 |      0 |   1 |   16.0 |
               +--------+--------+--------+--------+--------+-----+--------+

Top non-repeatable levels by time:
     D:9: 1915 daAuts
     D:5: 1752 daAuts
     D:8: 1465 daAuts
     D:4: 1310 daAuts
     D:7: 1298 daAuts
     D:6: 1264 daAuts
     D:1: 1211 daAuts
     D:2: 1174 daAuts
     D:3: 1028 daAuts
  Temple: 16 daAuts
